AoeStats
← blytz

Northern Isles

510390212Analyzed
1v1 RM · 1d ago on Sep 30, 2026· 36m 29s· 2 players
Game mode
Random Map
Map size
Tiny (2 player)
Population
200
Speed
Normal
Resources
Standard
Victory
Conquest
Starting age
Dark Age
Ending age
Imperial Age
RankedLock teamsTeams togetherTeam positionsShared explorationLock speedFull tech treeHidden civsTurbo modeCheats
Victory
Defeat
🇨🇳 Vikings · China
2265
+3
🇩🇪 Chinese · Germany
1895
-3
Pauliii
0:30 Loom
9:58 Feudal Age
14:13 Castle Age
13:07 Double-Bit Axe
15:01 Horse Collar
19:56 Town Watch
20:40 Gold Mining
24:26 Bow Saw
38:09 Imperial Age
35:49 Fletching
36:26 Bodkin Arrow
blytz
10:34 Feudal Age
11:25 Town Watch
11:29 Loom
14:15 Castle Age
12:21 Double-Bit Axe
12:47 Fishing Lines
13:23 Fletching
15:20 Bow Saw
15:56 Bodkin Arrow
30:41 Gillnets
32:16 Scale Mail Armor
36:18 Imperial Age
35:13 Chain Mail Armor
35:00 Squires
Connection lost

Rejoining the realm…

Still unreachable

The connection could not be restored.

Session expired

The server has moved on; the page needs a fresh start.